Map: Acropolis LE

Players

RiSky

  • Race: Zerg Zerg
  • Spawn Location: 11:00

Harstem - Winner!

  • Race: Protoss Protoss
  • Spawn Location: 5:00

VOD

Have the link to the VOD?

Description

Time

  • Played on: Sept. 6, 2019, 8:29 p.m.
  • Length: 14:09
Show
View Real Time Build Order
Export as new Build Order

RiSky Zerg 

Build Orders: Pool First, Swarm Host 

Get SALT Encoding   

  12  0:18  Spawning Pool  
  11  0:21  Drone  
  11  0:26  Drone  
  13  0:31  Drone  
  14  0:39  Overlord  
  14  1:04  Zergling x2  
  14  1:05  Zergling x4  
  17  1:15  Hatchery  
  17  1:17  Zergling x2  
  17  1:26  Zergling x2  
  17  1:32  Queen  
  18  1:39  Drone  
  21  1:47  Overlord  
  21  1:53  Extractor  
  20  2:04  Drone  
  21  2:11  Queen  
  21  2:12  Drone  
  24  2:22  Drone  
  25  2:27  Drone  
  25  2:32  Drone  
  24  2:39  Drone  
  24  2:43  Drone x2  
  24  2:44  Drone x2  
  29  2:48  Drone  
  29  2:56  Drone  
  29  3:09  Hatchery  
  28  3:18  Zergling x4  
  28  3:19  Metabolic Boost  
  30  3:22  Queen  
  30  3:27  Drone x2  
  34  3:31  Drone  
  34  3:33  Overlord  
  35  3:44  Spore Crawler  
  35  3:46  Evolution Chamber  
  33  3:53  Drone x7  
  41  4:03  Drone  
  41  4:09  Drone x2  
  44  4:10  Overlord  
  44  4:19  Overlord  
  44  4:23  Drone x2  
  46  4:24  Overlord, Queen  
  46  4:29  Drone x2  
  50  4:37  Queen  
  50  4:38  Overlord x2  
  52  4:40  Spore Crawler  
  52  4:43  Spore Crawler  
  50  4:46  Zergling x4  
  50  4:50  Drone x2  
  50  4:52  Drone  
  55  4:54  Overlord  
  55  4:58  Drone x2  
  55  4:59  Drone  
  58  5:02  Drone  
  58  5:03  Drone  
  60  5:09  Drone  
  60  5:10  Drone x2  
  60  5:11  Drone x2  
  60  5:13  Extractor  
  64  5:19  Drone x2, Lair  
  64  5:21  Drone  
  67  5:24  Drone x2  
  69  5:29  Roach Warren, Drone x2  
  69  5:33  Spore Crawler, Drone  
  69  5:35  Drone x2  
  72  5:37  Drone  
  72  5:39  Drone, Extractor  
  71  5:42  Drone  
  71  5:43  Drone  
  71  5:44  Drone  
  71  5:45  Drone  
  71  5:48  Overlord  
  74  5:54  Zergling x4  
  74  5:55  Zergling x2  
  74  5:56  Zergling x2  
  77  5:59  Drone x2  
  77  6:03  Overlord, Drone  
  80  6:06  Overlord  
  80  6:09  Drone x2  
  81  6:15  Extractor  
  81  6:16  Extractor, Roach x4  
  81  6:17  Overlord x3  
  87  6:23  Overlord, Roach x2  
  88  6:30  Roach x3  
  88  6:31  Roach x2  
  88  6:32  Roach  
  93  6:39  Zergling x4  
  92  6:41  Queen  
  92  6:42  Ravager x2  
  92  6:43  Zergling x2  
  97  6:49  Ravager  
  97  6:50  Zergling x4  
  100  6:54  Zergling x2  
  100  6:57  Glial Reconstitution  
  100  7:01  Drone x2  
  103  7:03  Baneling Nest  
  103  7:05  Extractor  
  103  7:06  Zergling x8  
  106  7:08  Ravager  
  106  7:10  Hatchery  
  106  7:12  Zergling x10  
  109  7:19  Roach  
  111  7:25  Infestation Pit, Overlord  
  111  7:27  Overlord, Drone  
  111  7:29  Overlord  
  112  7:34  Overlord  
  112  7:35  Drone  
  112  7:36  Overlord  
  113  7:39  Drone  
  113  7:42  Overlord  
  113  7:43  Drone  
  115  7:48  Drone x5  
  120  7:52  Evolution Chamber, Drone  
  120  7:55  Drone x2  
  120  7:57  Drone  
  123  7:59  Queen  
  123  8:00  Queen  
  126  8:22  Zerg Missile Weapons Level 1  
  126  8:27  Swarm Host x8  
  126  8:28  Swarm Host x3  
  126  8:29  Overlord x2  
  126  8:33  Spine Crawler  
  157  8:34  Overlord  
  157  8:35  Spine Crawler  
  157  8:36  Swarm Host  
  157  8:39  Swarm Host  
  159  8:48  Roach x3  
  165  8:50  Roach x2  
  165  8:52  Roach x3  
  165  8:53  Extractor  
  165  8:54  Spine Crawler  
  165  8:55  Overlord x2  
  173  8:58  Roach x3  
  181  9:02  Roach  
  181  9:06  Nydus Network  
  176  9:10  Roach x2  
  176  9:11  Roach  
  176  9:14  Baneling Nest, Drone x2  
  182  9:22  Drone x6  
  186  9:31  Roach  
  186  9:32  Roach x3  
  186  9:36  Roach  
  186  9:37  Roach x2  
  198  9:42  Roach  
  200  9:51  Overseer  
  200  9:55  Nydus Canal  
  200  10:02  Spine Crawler  
  200  10:03  Spine Crawler  
  200  10:04  Queen  
  200  10:06  Centrifical Hooks  
  200  10:08  Infestation Pit  
  200  10:13  Ravager  
  200  10:16  Zerg Melee Weapons Level 1  
  200  10:30  Extractor  
  192  10:57  Zergling x18  
  200  11:07  Nydus Canal  
  198  11:21  Nydus Canal  
  198  11:25  Ravager x2  
  200  11:31  Zergling x8  
  200  11:33  Nydus Canal  
  197  11:41  Hive  
  197  11:44  Drone x3  
  199  11:55  Nydus Canal  
  199  12:00  Spine Crawler  
  198  12:01  Spine Crawler  
  198  12:06  Drone x2  
  198  12:17  Hatchery  
  198  12:21  Spine Crawler  
  198  12:22  Spine Crawler  
  194  12:27  Queen x2  
  192  12:36  Drone x6  
  194  12:43  Nydus Canal  
  193  12:45  Queen  
  193  12:47  Zergling x10  
  193  12:50  Baneling x17  
  200  13:10  Zergling x4  
  200  13:11  Zergling x4  
  197  13:13  Zergling x4  
  190  13:25  Overseer  
  189  13:34  Drone  
  189  13:40  Baneling x6  
  189  13:41  Baneling x7  
  189  13:46  Zergling x2  
Show
View Real Time Build Order
Export as new Build Order

Harstem Protoss - Winner!

Build Orders: Phoenix Opening, Archon Immortal 

Get SALT Encoding   

  12  0:01  Probe  
  13  0:13  Probe  
  14  0:20  Pylon  
  14  0:25  Probe  
  15  0:34  Probe  
  15  0:39  Gateway  
  15  0:42  Probe  
  16  0:48  Assimilator  
  17  0:53  Probe  
  18  1:05  Probe  
  19  1:17  Probe  
  20  1:26  Cybernetics Core  
  20  1:27  Zealot  
  20  1:29  Pylon  
  22  1:33  Gateway  
  22  1:34  Probe  
  24  1:53  Adept  
  25  2:08  Pylon  
  25  2:17  Pylon, Adept  
  25  2:20  Nexus  
  25  2:38  Probe  
  25  2:43  Adept  
  24  2:48  Pylon  
  24  2:49  Assimilator  
  24  2:50  Probe  
  27  3:02  Stargate  
  27  3:05  Probe  
  28  3:13  Probe  
  28  3:15  Zealot  
  31  3:21  Warp Gate, Probe  
  32  3:30  Probe, Assimilator  
  32  3:31  Probe  
  32  3:32  Assimilator  
  34  3:38  Probe  
  34  3:43  Probe  
  34  3:45  Phoenix  
  34  3:48  Probe  
  38  3:55  Probe  
  40  4:00  Probe  
  41  4:06  Oracle, Robotics Facility  
  41  4:07  Probe  
  42  4:12  Probe  
  46  4:19  Probe  
  47  4:24  Probe  
  47  4:25  Gateway  
  48  4:31  Pylon, Probe  
  48  4:33  Oracle  
  48  4:36  Probe  
  50  4:42  Pylon  
  50  4:43  Probe  
  55  4:52  Warp Prism  
  55  4:58  Probe  
  55  4:59  Probe  
  58  5:10  Probe  
  58  5:11  Probe  
  58  5:13  Gateway, Sentry  
  58  5:14  Gateway  
  62  5:16  Immortal  
  62  5:20  Sentry  
  64  5:21  Pylon  
  68  5:42  Nexus  
  68  5:47  Pylon, Sentry x2  
  68  5:48  Probe  
  73  5:51  Pylon  
  73  5:53  Observer  
  73  5:56  Probe  
  74  6:00  Probe  
  76  6:08  Probe  
  77  6:12  Stalker x3  
  77  6:14  Probe  
  84  6:18  Pylon  
  84  6:20  Probe  
  83  6:26  Probe  
  83  6:32  Probe  
  83  6:38  Probe  
  84  6:41  Forge  
  84  6:42  Twilight Council  
  84  6:43  Probe  
  84  6:45  Zealot x3  
  84  6:46  Probe  
  84  6:47  Sentry  
  93  6:51  Probe  
  94  6:54  Probe  
  94  6:55  Probe  
  94  6:59  Probe  
  94  7:00  Pylon  
  97  7:03  Probe  
  97  7:04  Probe  
  97  7:05  Pylon  
  97  7:06  Protoss Ground Weapons Level 1  
  100  7:08  Pylon  
  100  7:11  Probe x2  
  100  7:12  Assimilator  
  100  7:14  Assimilator  
  102  7:15  Pylon  
  102  7:16  Probe  
  103  7:23  Probe x2  
  103  7:26  Charge  
  103  7:28  Probe  
  103  7:29  Templar Archives  
  106  7:36  Immortal  
  106  7:42  Zealot x4  
  118  7:45  Shield Battery  
  118  7:49  Gateway  
  118  7:52  Gateway  
  118  7:57  Gateway x2  
  118  8:02  Photon Cannon  
  118  8:11  Psionic Storm  
  118  8:13  High Templar x4  
  118  8:19  Shield Battery  
  124  8:27  Immortal  
  124  8:31  Pylon  
  128  8:37  Pylon  
  126  8:47  High Templar x4  
  126  8:48  Zealot x2  
  138  8:50  Pylon  
  138  8:51  Pylon x2  
  138  8:52  Archon x2  
  138  8:55  Immortal  
  138  8:58  Probe  
  138  9:02  Photon Cannon  
  139  9:16  Nexus  
  135  9:18  High Templar  
  135  9:21  Shield Battery x2  
  135  9:22  Shield Battery  
  135  9:23  Pylon  
  137  9:29  Warp Prism  
  135  9:35  Probe, Protoss Ground Weapons Level 2  
  135  9:36  High Templar x2  
  135  9:38  Zealot x3  
  142  9:47  Probe  
  142  9:50  Probe  
  143  9:53  Zealot x3  
  149  10:00  Immortal, Gateway  
  149  10:03  Gateway  
  151  10:18  High Templar x4  
  159  10:22  Zealot x4  
  159  10:27  Archon  
  165  10:28  Archon  
  165  10:29  Immortal  
  165  10:33  Probe  
  164  10:36  Fleet Beacon  
  164  10:39  Pylon  
  162  10:44  Probe  
  162  10:46  Probe  
  162  10:47  Shield Battery  
  162  10:48  Shield Battery  
  162  10:49  High Templar x2  
  168  10:57  Archon  
  168  11:04  Observer  
  168  11:08  Mothership  
  165  11:16  Zealot x7  
  165  11:17  Zealot  
  177  11:19  Assimilator  
  177  11:22  Assimilator  
  177  11:24  Pylon x2  
  177  11:31  Probe  
  178  11:44  Probe  
  178  11:46  Zealot x9  
  197  11:57  Zealot  
  195  12:04  Photon Cannon  
  195  12:06  Photon Cannon, Zealot x3  
  197  12:09  Photon Cannon  
  197  12:12  Probe  
  197  12:13  Probe  
  191  12:18  Probe  
  183  12:25  Probe x2  
  183  12:29  High Templar x4, Assimilator  
  193  12:30  Zealot, Probe  
  193  12:31  Zealot x2  
  193  12:35  Archon x2  
  200  12:38  Probe  
  195  12:45  Stargate  
  195  12:47  Stargate  
  195  12:49  Stargate  
  195  12:56  Zealot x2  
  193  13:06  Zealot x3  
  193  13:13  Zealot x3  
  185  13:28  Probe x3  
  185  13:30  Probe  
  185  13:32  Photon Cannon x2  
  171  13:38  Zealot x10  
  185  14:01  Zealot x9  
Tags
 
Add a new tag
Caveats
  • Supply blocks, unpowered buildings, or Contaminate may cause inaccurate times.
  • Supply counts are checked every 10 seconds.